 Dungeon Crawl Stone Soup version 0.25-a0-734-g73332aeda9 (webtiles) character file.

Game seed: 16583499628774660800, levelgen mode: deterministic

363 DerDa the Firebug (level 6, -3/36 HPs)
             Began as an Octopode Fire Elementalist on Apr 10, 2020.
             Slain by an adder (5 damage)
             ... on level 3 of the Dungeon.
             The game lasted 00:09:03 (3443 turns).

DerDa the Firebug (Octopode Fire Elementalist)      Turns: 3443, Time: 00:09:04

Health: -3/36      AC:  1    Str:  7    XL:     6   Next: 67%
Magic:  8/12       EV: 13    Int: 19    God:
Gold:   97         SH:  0    Dex: 13    Spells: 3/13 levels left

rFire    . . .     SeeInvis .   c - +0 club
rCold    . . .     Gourm    .   (no shield)
rNeg     . . .     Faith    .   (helmet restricted)
rPois    .         Spirit   .   (no amulet)
rElec    .         Reflect  .   (no ring)
rCorr    .         Harm     .   (no ring)
MR       .....                  (no ring)
Stlth    +++.......             (no ring)
HPRegen  0.12/turn              (no ring)
MPRegen  0.13/turn              (no ring)
                                (no ring)
                                (no ring)

@: very slightly contaminated
A: almost no armour, stealthy swim, amphibious, 8 rings, constrict 8, camouflage
1, gelatinous body 1
a: no special abilities


You were on level 3 of the Dungeon.
You were not hungry.

You visited 1 branch of the dungeon, and saw 4 of its levels.

You collected 97 gold pieces.

Inventory:

Hand Weapons
 c - a +0 club (weapon)
Missiles
 a - 158 stones (quivered)
Wands
 k - a wand of scattershot (8)
Scrolls
 d - 2 scrolls of enchant armour {unknown}
 e - 4 scrolls of teleportation {unknown}
 f - a scroll of amnesia {unknown}
 g - 3 scrolls of identify {unknown}
 i - 3 scrolls of fear {unknown}
 n - a scroll of blinking {unknown}
 q - 2 scrolls of enchant weapon {unknown}
 r - a scroll of fog {unknown}
Potions
 h - a potion of lignification {unknown}
 j - 2 potions of degeneration {unknown}
 l - a potion of ambrosia {unknown}
 m - a potion of brilliance {unknown}
 o - a potion of experience {unknown}
 p - 2 potions of mutation {unknown}
 t - 3 potions of haste {unknown}
 u - a potion of flight {unknown}
Comestibles
 b - 5 rations


   Skills:
 - Level 0.1 Maces & Flails
 - Level 2.3 Dodging
 - Level 3.3 Stealth
 * Level 4.2 Spellcasting
 * Level 3.0 Conjurations
 * Level 4.6 Fire Magic


You had 3 spell levels left.
You knew the following spells:

 Your Spells              Type           Power        Failure   Level  Hunger
a - Foxfire               Conj/Fire      ###.         2%          1    None
b - Sticky Flame          Conj/Fire      ###.....     26%         4    ####...
c - Fireball              Conj/Fire      ###.......   58%         5    ######.

Your spell library contained the following spells:

 Spells                   Type           Power        Failure   Level  Hunger
 Conjure Flame            Conj/Fire      ###.....     9%          3    ###....
 Inner Flame              Hex/Fire       ##......     16%         3    ###....


Dungeon Overview and Level Annotations

Branches:
Dungeon (4/15)
 Temple: D:4-7

Altars:
Wu Jian


Innate Abilities, Weirdness & Mutations

You cannot wear most types of armour.
You are very stealthy in the water. (Stealth+)
You are amphibious.
You can wear up to eight rings at the same time.
You can use your tentacles to constrict eight enemies at once.
Your skin changes colour to match your surroundings (Stealth+).
Your rubbery body absorbs attacks. (AC +1, EV +1)


Message History

Aiming: Sticky Flame (quite dangerous; 26% risk of failure)
Press: ? - help, Shift-Dir - straight line, f - ogre
Aim: an ogre, wielding a +0 giant club (moderately wounded)
You miscast Sticky Flame.
Nothing appears to happen.
The adder barely misses you.
There is a stone staircase leading up here.
The adder completely misses you. The ogre closely misses you.
You climb upwards.
There is a stone staircase leading down here.
The ogre hits you with a +0 giant club!!
Ouch! That really hurt!
* * * LOW HITPOINT WARNING * * *
The adder bites you.
* * * LOW HITPOINT WARNING * * *
The adder closely misses you. The adder misses you. The adder bites you.
* * * LOW HITPOINT WARNING * * *
The adder bites you.
You die...

#######..##..........##...#÷.##
#####..##..........##...#..##
#......##..........######..#
#.####.##..........≈≈≈≈≈#..#
#.#....#####'####≈≈≈≈≈≈≈≈..#
#.#....# #.######≈≈≈≈≈≈≈≈##
#÷#.#.## #.#....###≈######.
#.#.#.# #.#......###......
#####'#...# #@#####..........#
..........## #.SO..###...######
......)....# #####...##### #≈≈
.......÷...# ###.....# ##.
...........##############..## #.
...........##...............####'
..........###.###########.#.##...
............#.# #.#.##...
#####+#'#.#.#.# #.....>..


You could see an ogre and an adder.

Vanquished Creatures
  2 big kobolds
  2 orc wizards (D:3)
  A worker ant (D:4)
  A hound skeleton (D:4)
  4 adders
  An ooze (D:2)
  An adder skeleton (D:4)
  5 dart slugs
  6 orcs (D:3)
  4 giant cockroaches
  5 goblins
  7 hobgoblins
  19 kobolds
  2 quokkas (D:3)
  2 ball pythons
  10 bats
  4 frilled lizards
  12 rats
88 creatures vanquished.

Vanquished Creatures (others)
  251 foxfires
251 creatures vanquished.

Grand Total: 339 creatures vanquished

Notes
Turn   | Place    | Note
-------+----------+-------------------------------------------
     0 | D:1      | DerDa the Octopode Fire Elementalist began the quest for
                  | the Orb.
     0 | D:1      | Reached XP level 1. HP: 11/11 MP: 3/3
   246 | D:1      | Reached XP level 2. HP: 17/17 MP: 1/5
   661 | D:1      | Reached XP level 3. HP: 11/21 MP: 2/6
  1129 | D:2      | Found a faded altar of an unknown god.
  1500 | D:2      | Reached XP level 4. HP: 27/27 MP: 1/8
  2171 | D:3      | Noticed a big kobold
  2195 | D:2      | Killed a big kobold
  2195 | D:2      | Reached XP level 5. HP: 13/31 MP: 0/10
  2395 | D:3      | Noticed a big kobold
  2419 | D:3      | Killed a big kobold
  2419 | D:3      | Reached XP level 6. HP: 27/36 MP: 2/11
  2640 | D:3      | Found an ornate altar of the Wu Jian Council.
  3013 | D:3      | Learned a level 4 spell: Sticky Flame
  3019 | D:3      | Learned a level 5 spell: Fireball
  3443 | D:3      | Slain by an adder

Levels and vault maps discovered:
D:1:      dpeg_arrival_pond, layout_basic
D:2:      layout_basic, first_ration, chequers_ecumenical_altar_lobes
D:3:      cheibrodos_thug_alley, layout_basic, lemuel_doored_altar
D:4:      layout_rooms, corexii_corridor_pit, hangedman_decor_opposing

Skill      XL: |  1  2  3  4  5  6 |
---------------+-------------------+-----
Stealth        | 3 |  3.3
Spellcasting   | 3 4 |  4.2
Fire Magic     | 4 |  4.6
Conjurations   | 2 3 |  3.0
Maces & Flails | |  0.1
Dodging        | |  2.3

Action                   |  1- 3 |  4- 6 || total
-------------------------+-------+-------++-------
Melee: Club              |     7 |    23 ||    30
       Constrict         |     3 |     5 ||     8
       Tentacles         |       |     5 ||     5
Throw: Stone             |       |     1 ||     1
 Cast: Foxfire           |    63 |    92 ||   155
  Eat: Chunk             |     2 |     6 ||     8
Armor: Skin              |     1 |     4 ||     5
Dodge: Dodged            |    11 |    30 ||    41

Table legend:
 A = Non-vault XP
 B = Vault XP
 C = Vault XP percentage of total XP
 D = Non-vault monster count
 E = Vault monster count
 F = Vault count percentage of total count
                 A         B        C        D         E       F
            +---------+---------+-------+---------+---------+-------
      Total |     304 |     215 |  41.4 |      76 |      12 |  13.6
            +---------+---------+-------+---------+---------+-------
        D:1 |      39 |       0 |   0.0 |      22 |       0 |   0.0
        D:2 |      52 |     104 |  66.7 |      22 |       1 |   4.3
        D:3 |     154 |     111 |  41.9 |      27 |      11 |  28.9
        D:4 |      59 |       0 |   0.0 |       5 |       0 |   0.0
            +---------+---------+-------+---------+---------+-------
